Map: Interloper LE

Players

Bonkarooni

  • Race: Protoss Protoss
  • Spawn Location: 11:00

ZenedoR - Winner!

  • Race: Zerg Zerg
  • Spawn Location: 5:00

Event: WCS Montreal 2017

VOD

Have the link to the VOD?

Description

Time

  • Played on: Sept. 8, 2017, 12:15 p.m.
  • Length: 13:57

All games in this series

Show
View Real Time Build Order
Export as new Build Order

Bonkarooni Protoss 

Build Orders: Nexus First 

Get SALT Encoding   

  12  0:01  Probe (Chrono Boost)  
  13  0:12  Probe (Chrono Boost)  
  14  0:22  Probe (Chrono Boost), Pylon  
  15  0:40  Probe (Chrono Boost)  
  16  0:51  Probe (Chrono Boost)  
  17  1:03  Probe (Chrono Boost)  
  18  1:04  Nexus  
  18  1:15  Forge  
  18  1:19  Probe (Chrono Boost)  
  19  1:29  Probe (Chrono Boost)  
  19  1:31  Pylon  
  20  1:40  Probe (Chrono Boost)  
  21  1:49  Photon Cannon  
  21  1:50  Probe (Chrono Boost)  
  21  1:54  Photon Cannon  
  23  2:01  Probe (Chrono Boost)  
  23  2:07  Gateway  
  23  2:12  Probe (Chrono Boost)  
  24  2:24  Probe (Chrono Boost)  
  24  2:26  Photon Cannon  
  24  2:28  Probe (Chrono Boost)  
  26  2:32  Assimilator  
  26  2:35  Assimilator  
  26  2:36  Probe (Chrono Boost)  
  27  2:39  Probe (Chrono Boost)  
  28  2:47  Probe (Chrono Boost)  
  28  2:49  Pylon  
  28  2:50  Probe (Chrono Boost)  
  29  2:57  Probe (Chrono Boost)  
  30  3:00  Probe (Chrono Boost)  
  30  3:03  Cybernetics Core  
  31  3:08  Probe (Chrono Boost)  
  31  3:11  Probe (Chrono Boost)  
  31  3:12  Photon Cannon  
  33  3:18  Probe (Chrono Boost)  
  34  3:21  Probe (Chrono Boost)  
  35  3:27  Zealot  
  35  3:29  Probe (Chrono Boost)  
  35  3:31  Pylon  
  39  3:39  Probe (Chrono Boost)  
  39  3:40  Mothership Core (Chrono Boost)  
  41  3:44  Pylon  
  41  3:50  Assimilator, Probe (Chrono Boost)  
  41  3:52  Stargate  
  41  3:54  Assimilator  
  42  3:58  Probe (Chrono Boost)  
  42  4:00  Probe (Chrono Boost)  
  44  4:08  Probe (Chrono Boost)  
  45  4:11  Probe (Chrono Boost)  
  46  4:19  Probe (Chrono Boost), Pylon  
  46  4:22  Probe (Chrono Boost)  
  48  4:25  Photon Cannon  
  46  4:34  Photon Cannon  
  46  4:36  Void Ray (Chrono Boost)  
  45  4:42  Probe, Photon Cannon  
  45  4:49  Probe  
  45  4:58  Gateway  
  45  4:59  Gateway  
  45  5:04  Photon Cannon  
  44  5:15  Pylon  
  44  5:29  Pylon  
  42  5:36  Photon Cannon  
  41  5:47  Void Ray (Chrono Boost)  
  43  5:51  Zealot x2  
  47  5:58  Probe  
  47  6:18  Nexus  
  47  6:20  Pylon  
  47  6:23  Photon Cannon  
  47  6:25  Cybernetics Core  
  47  6:38  Probe  
  48  6:41  Gateway  
  48  6:49  Photon Cannon  
  48  6:50  Probe  
  49  7:02  Probe  
  50  7:14  Probe  
  47  7:27  Probe  
  48  7:30  Nexus  
  48  7:34  Probe  
  48  7:35  Pylon  
  48  7:37  Warp Gate (Chrono Boost)  
  48  7:39  Probe  
  49  7:46  Zealot x2  
  49  7:48  Zealot  
  55  8:03  Protoss Ground Weapons Level 1  
  55  8:06  Probe  
  55  8:07  Fleet Beacon  
  55  8:09  Void Ray  
  60  8:21  Probe  
  61  8:30  Probe  
  61  8:33  Probe, Photon Cannon  
  63  8:34  Pylon  
  63  8:39  Stargate  
  63  8:41  Probe  
  63  8:42  Probe  
  65  8:51  Phoenix  
  59  9:03  Photon Cannon, Probe  
  59  9:05  Probe  
  59  9:06  Probe  
  56  9:13  Phoenix  
  56  9:15  Probe  
  59  9:22  Probe  
  59  9:23  Photon Cannon  
  59  9:36  Phoenix (Chrono Boost)  
  61  9:41  Probe  
  61  9:43  Probe  
  61  9:45  Probe, Phoenix (Chrono Boost)  
  61  9:53  Probe  
  61  9:55  Assimilator  
  61  9:58  Assimilator, Protoss Shields Level 1  
  62  10:00  Graviton Catapult  
  62  10:01  Carrier (Chrono Boost)  
  62  10:06  Stargate  
  68  10:07  Probe  
  68  10:08  Probe x2  
  71  10:18  Probe  
  71  10:20  Carrier (Chrono Boost)  
  78  10:28  Probe x3  
  76  10:35  Zealot x2  
  76  10:36  Zealot  
  76  10:40  Probe  
  76  10:42  Probe x2  
  85  10:52  Probe  
  85  10:54  Probe, Carrier (Chrono Boost)  
  93  10:58  Pylon  
  93  11:10  Pylon  
  93  11:12  Zealot x3  
  93  11:15  Pylon  
  93  11:33  Adept x3  
  93  11:36  Carrier (Chrono Boost)  
  105  11:51  Carrier (Chrono Boost)  
  111  12:01  Protoss Air Weapons Level 1  
  111  12:10  Adept x3  
  111  12:14  Nexus  
  123  12:16  Carrier (Chrono Boost), Pylon  
  123  12:39  Adept  
  123  12:55  Pylon  
  123  12:56  Pylon  
  123  12:58  Pylon  
  111  12:59  Pylon  
  111  13:01  Pylon  
  101  13:06  Probe  
  101  13:07  Probe  
  65  13:21  Adept  
  65  13:22  Adept x2  
  66  13:42  Adept x2  
Show
View Real Time Build Order
Export as new Build Order

ZenedoR Zerg - Winner!

Build Orders: Hatch First, Zergling Baneling 

Get SALT Encoding   

  12  0:02  Drone  
  13  0:13  Overlord  
  13  0:17  Drone  
  14  0:31  Drone x2  
  14  0:35  Drone  
  17  0:52  Hatchery  
  17  0:55  Drone  
  17  0:58  Drone  
  18  1:09  Extractor  
  17  1:13  Spawning Pool  
  17  1:15  Drone  
  17  1:19  Drone  
  18  1:29  Drone  
  19  1:58  Drone x2  
  21  2:02  Overlord  
  21  2:04  Queen  
  23  2:10  Drone  
  23  2:14  Metabolic Boost  
  23  2:22  Drone  
  23  2:28  Extractor  
  22  2:33  Drone  
  22  2:34  Drone x3  
  26  2:50  Hatchery  
  25  2:54  Zergling x2  
  26  3:00  Zergling x4  
  26  3:01  Zergling x4  
  30  3:07  Baneling Nest  
  30  3:11  Zergling x2  
  30  3:14  Zergling x2  
  31  3:20  Zergling x4  
  31  3:26  Zergling x4  
  33  3:36  Zergling x2  
  33  3:37  Zergling x4  
  35  3:51  Overlord  
  35  4:00  Baneling x9  
  35  4:01  Baneling x2  
  35  4:03  Zergling x2  
  35  4:08  Zergling x4  
  38  4:12  Zergling x2  
  39  4:19  Zergling x6  
  37  4:27  Zergling x4  
  38  4:33  Zergling x2  
  38  4:34  Zergling x4  
  41  4:40  Zergling x2  
  41  4:41  Zergling x2  
  42  4:49  Drone x3  
  44  4:58  Drone x4  
  46  5:11  Spore Crawler  
  42  5:17  Spore Crawler  
  42  5:19  Drone x4  
  43  5:27  Baneling x3  
  43  5:29  Drone x2  
  44  5:40  Drone  
  44  5:41  Drone x4  
  46  5:50  Lair  
  46  5:54  Evolution Chamber  
  44  6:01  Drone  
  42  6:10  Drone  
  42  6:11  Overlord  
  42  6:12  Overlord  
  42  6:15  Hatchery  
  41  6:26  Drone  
  41  6:29  Queen  
  41  6:30  Extractor  
  41  6:31  Extractor  
  42  6:34  Zergling x6  
  42  6:35  Zergling x2  
  42  6:37  Drone x2  
  42  6:38  Drone x2  
  42  6:39  Drone  
  51  6:41  Drone  
  51  6:43  Drone  
  51  6:46  Drone x2  
  55  6:48  Drone  
  56  6:59  Spire  
  56  7:00  Zerg Melee Weapons Level 1  
  53  7:27  Extractor, Hatchery  
  53  7:29  Spore Crawler  
  48  7:30  Extractor  
  48  7:32  Spore Crawler  
  48  7:34  Overlord x3  
  46  7:43  Overlord  
  46  7:49  Spore Crawler  
  46  7:51  Queen  
  46  7:52  Queen  
  46  7:55  Spore Crawler  
  49  8:03  Drone x3  
  49  8:05  Drone x3  
  55  8:08  Drone x3  
  58  8:16  Mutalisk x3  
  58  8:18  Mutalisk  
  58  8:19  Mutalisk x2  
  70  8:21  Baneling  
  70  8:26  Mutalisk  
  72  8:42  Roach Warren  
  72  8:46  Drone x4  
  74  8:50  Drone x6  
  73  9:04  Drone x2  
  73  9:07  Drone x5  
  79  9:11  Overlord x2  
  79  9:12  Overlord  
  79  9:15  Spore Crawler  
  79  9:16  Zerg Missile Weapons Level 1  
  78  9:17  Drone  
  79  9:31  Glial Reconstitution  
  78  9:45  Drone  
  78  9:46  Drone x13  
  91  10:00  Baneling x2  
  91  10:03  Hatchery  
  91  10:05  Hydralisk Den  
  89  10:14  Roach x8  
  101  10:19  Hatchery  
  101  10:20  Overlord  
  101  10:21  Overlord x2  
  101  10:35  Muscular Augments  
  101  10:36  Queen  
  101  10:38  Overlord x4  
  102  10:46  Queen  
  102  10:47  Hydralisk  
  102  10:48  Hydralisk x2  
  110  10:55  Hydralisk x3  
  116  11:01  Overseer  
  116  11:09  Hydralisk  
  116  11:10  Hydralisk x5  
  128  11:14  Zerg Missile Weapons Level 2  
  128  11:29  Hydralisk x7  
  140  11:33  Queen  
  140  11:34  Drone  
  143  11:43  Hydralisk  
  143  11:44  Hydralisk x2  
  141  11:48  Spore Crawler x2  
  139  11:55  Hydralisk x5  
  149  12:06  Roach x6  
  161  12:10  Drone x5  
  162  12:26  Roach  
  162  12:27  Roach x4  
  170  12:41  Hydralisk x2  
  170  12:43  Overlord  
  170  12:44  Overlord x2  
  152  12:54  Hydralisk x2  
  152  12:55  Hydralisk x9  
  160  13:07  Hydralisk x7  
  170  13:17  Hydralisk x5  
  176  13:27  Hydralisk x5  
  176  13:30  Drone  
  176  13:31  Drone  
  188  13:39  Overlord  
Tags
 
Add a new tag
Caveats
  • Supply blocks, unpowered buildings, or Contaminate may cause inaccurate times.
  • Supply counts are checked every 10 seconds.